 Dungeon Sprint DCSS version 0.18-a0-116-g2d311b1 (webtiles) character file.

132 hexophile the Carver (level 5, -3/49 HPs)
             Began as a Naga Fighter on Nov 16, 2015.
             Slain by an ice beast (13 damage)
             ... in the Dungeon (Sprint IX: "|||||||||||||||||||||||||||||").
             The game lasted 00:00:33 (156 turns).

hexophile the Carver (Naga Fighter)                  Turns: 156, Time: 00:00:33

Health: -3/49      AC:  5    Str: 25    XL:     5   Next: 15%
Magic:  5/5        EV:  5    Int:  8    God:
Gold:   0          SH:  9    Dex: 10    Spells: 0 memorised, 4 levels left

rFire  . . .     SeeInvis +     a - +0 long sword
rCold  . . .     Clarity  .     b - +0 scale mail
rNeg   . . .     SustAt   .     c - +0 shield
rPois  +         Gourm    .     (no helmet)
rElec  .         Spirit   .     (no cloak)
rCorr  .         Warding  .     (no gloves)
rMut   .         NoTele   +     (no barding)
MR     .....                    (no amulet)
Stlth  ..........               (no ring)
                                (no ring)

@: mighty, exhausted, very slightly contaminated, hasted and slowed, very slow,
not resistant to hostile enchantments, extremely unstealthy
A: see invisible, deformed body, poison resistance, slowness 2, slow metabolism
1, spit poison 2, AC +1
a: Spit Poison


You were in the Dungeon.
You were not hungry.

You visited 1 branch


Innate Abilities, Weirdness & Mutations

You cannot wear boots.
Your serpentine skin is tough (AC +1).
You have supernaturally acute eyesight.
Armour fits poorly on your strangely shaped body.
Your system is resistant to poisons.
You cover ground very slowly.
You have a slow metabolism.
You can spit poison.

Inventory:

Hand Weapons
 a - a +0 long sword (weapon)
Armour
 b - a +0 scale mail (worn)
 c - a +0 shield (worn)
Scrolls
 k - a scroll of blinking
Potions
 i - 2 potions of magic
Comestibles
 l - 3 chunks of flesh
 r - a bread ration


You had 4 spell levels left.
You didn't know any spells.


   Skills:
 - Level 3.0 Fighting
 + Level 10.0 Long Blades
 - Level 2.4 Armour
 - Level 2.4 Shields

Dungeon Overview and Level Annotations

Branches:
Dungeon (1/1)

Altars:

Vault maps used:
D:        linesprint
You       could see an ice beast.


Message History

You slash the adder zombie!
You destroy the adder zombie!
You closely miss the hound. You block the hound's attack.
You hit the hound.
The hound is lightly wounded.
The hound bites you. x2
You lost 6 HP.
You have now: 26/42 HP.
You barely miss the hound.
The hound is lightly wounded.
The hound stops to sniff the ground.
The hound bites you.
You lost 2 HP.
You have now: 24/42 HP.
You slash the hound!
The hound is heavily wounded.
You block the hound's attack. x2
Unknown command.
You hit the hound.
The hound is almost dead.
The hound bites you. You block the hound's attack.
You lost 3 HP.
You have now: 21/42 HP.
Drink which item? (? for menu, Esc to quit)
You feel very mighty all of a sudden. The hound bites you.
You lost 4 HP.
You have now: 17/42 HP.
Drink which item? (? for menu, Esc to quit)
You feel better. You block the hound's attack. You block the hound's attack.
Restored 8 HP.
You have now: 25/42 HP.
Drink which item? (? for menu, Esc to quit)
You don't have any such object.
Drink which item? (? for menu, Esc to quit)
Okay, then.
You hit the hound.
You kill the hound!
Your Long Blades skill increases to level 10!
You have reached level 5!
You got additional 7 HP.
Restored 4 HP.
You have now: 29/49 HP.
Your shield and scale mail prevent you from hitting the ice beast.
The ice beast hits you. The ice beast freezes you!
* * * LOW HITPOINT WARNING * * *
!MASSIVE DAMAGE!
YOU LOST 16 HP!
You have now: 13/49 HP.
You hit the ice beast.
The ice beast is lightly wounded.
The ice beast hits you but does no damage.
You slice the ice beast!!
The ice beast is almost dead.
The ice beast hits you.
* * * LOW HITPOINT WARNING * * *
The ice beast freezes you!
You die...

Action                   |  1- 3 |  4- 6 || total
-------------------------+-------+-------++-------
Melee: Long sword        |    24 |    11 ||    35
  Use: Potion            |     2 |     3 ||     5

Notes
Turn   | Place    | Note
--------------------------------------------------------------
     0 | D        | hexophile the Naga Fighter began the quest for the Orb.
     0 | D        | Reached XP level 1. HP: 21/21 MP: 1/1
    10 | D        | Reached skill level 4 in Long Blades
    19 | D        | Reached XP level 2. HP: 14/28 MP: 2/2
   132 | D        | Noticed an ice beast
   132 | D        | Noticed an ice beast
   142 | D        | Killed an ice beast
   142 | D        | Reached skill level 9 in Long Blades
   142 | D        | Reached XP level 3. HP: 12/34 MP: 3/3
   142 | D        | Reached XP level 4. HP: 14/42 MP: 4/4
   153 | D        | Reached skill level 10 in Long Blades
   153 | D        | Reached XP level 5. HP: 29/49 MP: 5/5
   156 | D        | Slain by an ice beast

Table legend:
 A = Turns spent in this place as a percentage of turns spent in the entire game.
 B = Non-inter-level travel turns spent in this place as a percentage of non-inter-level travel turns spent in the entire game.
 C = Inter-level travel turns spent in this place as a percentage of turns spent in this place.
 D = Turns resting spent in this place as a percentage of non-inter-level travel turns spent in this place.
 E = Turns spent auto-exploring this place as a percentage of non-inter-level travel turns spent in this place.
 F = Non-inter-level travel turns spent in this place divided by the number of levels of this place that you've seen.
                   A       B       C       D       E      F
               +-------+-------+-------+-------+-------+----------------------
         Total | 100.0 | 100.0 |   0.0 |   2.8 |   0.0 |  71.0
       Dungeon | 100.0 | 100.0 |   0.0 |   2.8 |   0.0 |  71.0
               +-------+-------+-------+-------+-------+----------------------

Table legend:
 A = Kills in this place as a percentage of kills in entire the game.
 B = Kills by you in this place as a percentage of kills by you in the entire game.
 C = Kills by friends in this place as a percentage of kills by friends in the entire game.
 D = Other kills in this place as a percentage of other kills in the entire game.
 E = Experience gained in this place as a percentage of experience gained in the entire game.
 F = Experience gained in this place divided by the number of levels of this place that you have seen.
                   A       B       C       D       E      F
               +-------+-------+-------+-------+-------+----------------------
         Total | 100.0 | 100.0 |  -nan |  -nan | 100.0 | 189.0
       Dungeon | 100.0 | 100.0 |  -nan |  -nan | 100.0 | 189.0
               +-------+-------+-------+-------+-------+----------------------

Vanquished Creatures
  An ice beast (D)
  A hound (D)
  An ooze (D)
  An adder zombie (D)
  An orc (D)
  A hobgoblin (D)
  3 rats (D)
9 creatures vanquished.
